 Dungeon Crawl Stone Soup version 0.28-a0-653-g7e9dba17c3 (webtiles) character file.

Game seed: 2778386091976942398

6 jasper the Skirmisher (level 1, 0/18 HPs)
             Began as a Mummy Berserker on Oct 11, 2021.
             Was a Follower of Trog.
             Slain by Crazy Yiuf (8 damage)
             ... on level 2 of the Dungeon.
             The game lasted 00:00:55 (272 turns).

jasper the Skirmisher (Mummy Berserker)              Turns: 272, Time: 00:00:55

Health: 0/18       AC:  5    Str: 20    XL:     1   Next: 75%
Magic:  1/1        EV: 11    Int:  6    God:    Trog [*.....]
Gold:   0          SH:  0    Dex: 11    Spells: 0/0 levels left

rFire   x . .      SeeInvis .   a - +0 falchion
rCold   + . .      Faith    .   (no shield)
rNeg    + + +      Spirit   .   f - +0 ring mail
rPois   ∞          Reflect  .   (no helmet)
rElec   .          Harm     .   (no cloak)
rCorr   .          Rampage  .   (no gloves)
Will    .....                   (no boots)
Stlth   +.........              (no amulet)
HPRegen 0.06/turn               (no ring)
MPRegen 0.07/turn               (no ring)

@: no status effects
A: cold resistance 1, negative energy resistance 3, torment resistance 2, heat
vulnerability 1, no potions
a: Renounce Religion


You were on level 2 of the Dungeon.
You worshipped Trog.
Trog was aware of your devotion.
You visited 1 branch of the dungeon, and saw 2 of its levels.

Inventory:

Hand Weapons
 a - a +0 falchion (weapon)
Missiles
 c - 23 stones (quivered)
 e - 24 sling bullets
Armour
 b - a +0 animal skin
 d - a +0 leather armour
 f - a +0 ring mail (worn)


   Skills:
 - Level 3.0 Fighting
 + Level 2.8 Long Blades
 - Level 1.5 Armour
 - Level 1.5 Dodging


You couldn't memorise any spells.
You didn't know any spells.
Your spell library was empty.

Dungeon Overview and Level Annotations

Branches:
Dungeon (1/15)

Altars:

Annotations:
D:2 Crazy Yiuf


Innate Abilities, Weirdness & Mutations

You are immune to poison.
Your flesh is cold resistant. (rC+)
You are immune to negative energy. (rN+++)
You are immune to unholy pain and torment.
You are vulnerable to heat. (rF-)
You do not drink.


Message History

You fall into a shaft and drop 1 floor!
The shaft crumbles and collapses.
An ogre comes into view. It is wielding a +0 giant club.
The ogre shouts!
Found a scroll labelled ACREYLAUDO.
You can't drink.
Unknown command.
You aren't carrying any scrolls.
Unknown command.
You aren't carrying any items that you can evoke.
Unknown command.
A dart slug comes into view.
Found 17 arrows.
The dart slug launches a dart at you.
The slug dart hits you but does no damage.
A ball python comes into view.
An endoplasm comes into view.
The endoplasm freezes you.
You are frozen.
You resist.
You take 2 damage, and have 16/18 hp.
The endoplasm barely misses you. The endoplasm freezes you.
You are frozen.
You resist.
Found a mace.
Found a runed translucent door.
Crazy Yiuf shouts!
You open the door. The endoplasm barely misses you.
Crazy Yiuf yells, "Ghoul!
Walk bush agre."
Crazy Yiuf hits you with a +4 quarterstaff of chaos!
Crazy Yiuf burns you.
You take 8 damage, and have 9/18 hp.
MASSIVE DAMAGE!!
You hit Crazy Yiuf.
Crazy Yiuf is lightly wounded.
The endoplasm closely misses you. Crazy Yiuf barely misses you.
You hit Crazy Yiuf.
Crazy Yiuf is moderately wounded.
The endoplasm freezes you.
You are frozen.
You resist.
Crazy Yiuf says, "Fluff cower tortoise!"
Crazy Yiuf hits you with a +4 quarterstaff of chaos!
You die...

#...........######.
#...........#
#...........#
#......######
#......# #......#
#####.###♣♣ ###
#.w...♣♣ ♣♣#..)#
#......♣♣♣♣@g...#
##...O..♣OJ♣#...#
##....♣.♣♣♣ ###
###♣♣♣♣♣


You could see an ogre, Crazy Yiuf and an endoplasm.

Vanquished Creatures
  4 goblins (D:1)
  A frilled lizard (D:1)
5 creatures vanquished.

Notes
Turn   | Place    | Note
-------+----------+-------------------------------------------
     0 | D:1      | jasper the Mummy Berserker began the quest for the Orb.
     0 | D:1      | Reached XP level 1. HP: 18/18 MP: 1/1
   245 | D:1      | You fall into a shaft and drop 1 floor!
   245 | D:2      | Noticed an ogre
   266 | D:2      | Found a runed translucent door.
   267 | D:2      | Noticed Crazy Yiuf
   272 | D:2      | Slain by Crazy Yiuf

Illustrated notes

Levels and vault maps discovered:
D:1:      sevenhm_arrival_forest_fort_small_3, layout_basic,
          hellmonk_ecumenical_altar_heavens_door, palyth_stone_intersect
D:2:      layout_basic, hangedman_decor_clover_reticule,
          uniq_crazy_yiuf_cottage, uniq_natasha

Action                   || total
-------------------------++-------
Melee: Falchion          ||    36
Throw: Stone             ||     5
Armor: Leather armour    ||     4
       Ring mail         ||     4
Dodge: Dodged            ||    25

Table legend: (Time is in decaauts)
 A = Elapsed time spent in this place.
 B = Non-inter-level travel time spent in this place.
 C = Inter-level travel time spent in this place.
 D = Time resting spent in this place.
 E = Time spent auto-exploring this place.
 F = Levels seen in this place.
 G = Mean time per level.
                   A        B        C        D        E       F      G
               +--------+--------+--------+--------+--------+-----+--------+
         Total |    278 |    278 |      0 |     90 |     56 |   2 |  139.0 |
       Dungeon |    278 |    278 |      0 |     90 |     56 |   2 |  139.0 |
               +--------+--------+--------+--------+--------+-----+--------+

Top non-repeatable levels by time:
     D:1: 251 daAuts
     D:2: 26 daAuts
